 Dungeon Crawl Stone Soup version 0.28.0-53-g5a82cb258f (webtiles) character file.

Game seed: 16730917993157904788

93 Zeld the Covered (level 4, 0/29 HPs)
             Began as a Gargoyle Fighter on June 10, 2022.
             Slain by Terence
             ... wielding a +0 mace
              (1 damage)
             ... on level 3 of the Dungeon.
             The game lasted 00:02:17 (1984 turns).

Zeld the Covered (Gargoyle Fighter)                 Turns: 1984, Time: 00:02:17

Health: 0/29       AC: 11    Str: 21    XL:     4   Next: 62%
Magic:  4/4        EV:  9    Int:  9    God:
Gold:   17         SH:  4    Dex:  9    Spells: 3/3 levels left

rFire   . . .      SeeInvis .   a - +0 flail
rCold   . . .      Faith    .   c - +0 buckler
rNeg    + . .      Spirit   .   b - +1 scale mail of Charity {Fly}
rPois   ∞          Reflect  .   (no helmet)
rElec   +          Harm     .   (no cloak)
rCorr   .          Rampage  .   (no gloves)
Will    .....                   (no boots)
Stlth   ..........              (no amulet)
HPRegen 0.09/turn               (no ring)
MPRegen 0.09/turn               (no ring)

@: flying
A: sickness immunity, AC +3, negative energy resistance 1, electricity
resistance, torment resistance 1, petrification resistance
a: no special abilities


You were on level 3 of the Dungeon.
You visited 1 branch of the dungeon, and saw 3 of its levels.

You collected 83 gold pieces.
You spent 66 gold pieces at shops.

Inventory:

Hand Weapons
 a - a +0 flail (weapon)
Armour
 b - the +1 scale mail of Charity (worn) {Fly}
   (You found it on level 3 of the Dungeon)

   Fly:       It grants you flight.
 c - a +0 buckler (worn)
Wands
 m - a wand of charming (12)
Scrolls
 e - a scroll of torment {unknown}
 g - a scroll of noise {unknown}
 h - 6 scrolls of identify
 i - 2 scrolls of magic mapping {unknown}
Potions
 d - 2 potions of might
 f - 4 potions of invisibility {unknown}
 j - a potion of cancellation {unknown}
 k - a potion of heal wounds {unknown}
 l - 2 potions of curing {unknown}


   Skills:
 + Level 4.0 Fighting
 + Level 2.8 Maces & Flails
 + Level 4.0 Armour
 + Level 4.0 Shields


You had 3 spell levels left.
You didn't know any spells.
Your spell library contained the following spells:

 Spells                   Type           Power      Damage    Failure   Level
 Animate Dead             Necr           0%         N/A       100%        4
 Borgnjor's Vile Clutch   Necr/Erth      0%         N/A       100%        5
 Death Channel            Necr           0%         N/A       100%        6


Dungeon Overview and Level Annotations

Branches:
Dungeon (3/15)

Altars:

Shops:
D:1 (   D:2 *   D:3 ?

Annotations:
D:3 Ijyb, Terence


Innate Abilities, Weirdness & Mutations

You are immune to sickness and miasma.
Your stone body is resilient. (AC +3)
You are immune to poison.
You resist negative energy. (rN+)
You are resistant to electric shocks. (rElec)
You are resistant to unholy torment.
You are immune to petrification.


Message History

You closely miss the adder.
The adder is severely wounded.
The bat barely misses you. The adder bites you but does no damage.
The bat hits you but does no damage. The adder closely misses you.
You miss the adder.
The adder is severely wounded.
The bat hits you but does no damage. The adder closely misses you.
The bat barely misses you. The adder barely misses you.
You closely miss the adder.
The adder is severely wounded.
The bat hits you but does no damage. You block the adder's attack.
You hit the adder.
You kill the adder!
The bat hits you but does no damage. The bat closely misses you.
You closely miss the bat. The bat barely misses you.
You miss the bat. The bat barely misses you. You block the bat's attack.
You sock the bat!
You kill the bat!
You see here an adder corpse.
No target in view!
You now have 45 gold pieces (gained 15).
Found a robe.
No target in view!
A jackal comes into view.
The jackal barks!
Terence the Incautious comes into view.
He is wielding a +0 mace.
Okay, then.
Terence shouts!
There is an entrance to Ixkequo's Magic Scroll Emporium here.
h - 6 scrolls of identify (gained 1) Thank you for shopping at Ixkequo's Magic Scroll Emporium!
You can access your shopping list by pressing '$'.
Ijyb the Twisted Goblin comes into view.
She is wielding a +0 dagger of electrocution and carrying a wand of acid (12).
Ijyb shouts!
Ijyb zaps a wand.
The bolt of acid hits you!!
Ouch! That really hurt!
* * * LOW HITPOINT WARNING * * *
You are too injured to fight recklessly!
Terence hits you with a +0 mace.
You die...

## #### .#
########.......... .#
#.....##..........
.######:....##..........
...................[....
#######..†=.##..........
#..†.........g....
#######.........h@......
...#..#####.#.#.@.......
##.#..# #..∩..........
#.#..# ###.#########.
##....##.. ...#
...............
...#.###.##.####
####.... #. ......## #.
......### .


You could see Ijyb, Terence and a jackal.

Vanquished Creatures
  Jessica (D:3)
  2 adders
  2 worms (D:2)
  A dart slug (D:2)
  6 ball pythons
  5 endoplasms
  A giant cockroach (D:1)
  A goblin (D:2)
  5 hobgoblins
  2 jackals (D:3)
  3 kobolds
  2 quokkas
  5 bats
  4 frilled lizards
  2 rats
42 creatures vanquished.

Notes
Turn   | Place    | Note
-------+----------+-------------------------------------------
     0 | D:1      | Zeld the Gargoyle Fighter began the quest for the Orb.
     0 | D:1      | Reached XP level 1. HP: 14/14 MP: 1/1
   130 | D:1      | Reached XP level 2. HP: 14/19 MP: 2/2
   212 | D:1      | Found Edavem's Weapon Emporium.
   262 | D:1      | Found a faded altar of an unknown god.
   892 | D:2      | Reached XP level 3. HP: 23/23 MP: 3/3
  1091 | D:2      | Found Yqysecw's Assorted Antiques.
  1109 | D:2      | Bought a murky green potion for 19 gold pieces
  1109 | D:2      | Bought an orange potion for 19 gold pieces
  1640 | D:3      | Identified the +1 scale mail of Charity {Fly}
  1754 | D:3      | Noticed Jessica
  1758 | D:3      | Killed Jessica
  1759 | D:3      | Reached XP level 4. HP: 29/29 MP: 4/4
  1833 | D:3      | Found Ixkequo's Magic Scroll Emporium.
  1980 | D:3      | Noticed Terence
  1982 | D:3      | Bought a scroll of identify for 28 gold pieces
  1982 | D:3      | Noticed Ijyb
  1983 | D:3      | HP: 1/29 [Ijyb/bolt of acid (28)]
  1984 | D:3      | Slain by Terence

Illustrated notes

Levels and vault maps discovered:
D:1:      eino_arrival_druids_welcome, layout_rooms, serial_shops,
          nicolae_lakefront_shop, ebering_ecumenical_altar_ruins
D:2:      layout_basic, serial_shops, shop, kennysheep_generic_room_16
D:3:      layout_basic, serial_shops, nicolae_shop_crystal, uniq_ijyb,
          uniq_jessica, uniq_terence

Skill      XL: |  1  2  3  4 |
---------------+-------------+-----
Armour         | 4 |  4.0
Shields        | 4 |  4.0
Fighting       | 4 |  4.0
Maces & Flails | |  2.8

Action                   |  1- 3 |  4- 6 || total
-------------------------+-------+-------++-------
Melee: Flail             |   133 |    25 ||   158
Armor: Scale mail        |    81 |    32 ||   113
Dodge: Dodged            |    66 |    33 ||    99
Block: Buckler           |    30 |    15 ||    45
